 Dungeon Sprint DCSS version 0.19-a0-147-g6f47703 (webtiles) character file.

90 wvc the Skirmisher (level 4, 0/39 HPs)
             Began as a Mummy Fighter on May 18, 2016.
             Was an Initiate of Cheibriados.
             Slain by a merfolk
             ... wielding a +5 short sword of electrocution
              (10 damage)
             ... in the Dungeon (Sprint V: "Ziggurat Sprint").
             The game lasted 00:02:31 (133 turns).

wvc the Skirmisher (Mummy Fighter)                   Turns: 133, Time: 00:02:33

Health: 0/39       AC: 19    Str: 20    XL:     4   Next: 32%
Magic:  4/4        EV: -1    Int:  8    God:    Cheibriados [......]
Gold:   0          SH: 17    Dex: 13    Spells: 0 memorised, 3 levels left

rFire  . . .     SeeInvis .     f - +5 demon trident
rCold  + + .     Gourm    .     c - +5 gold dragon armour
rNeg   + + +     Faith    .     e - +3 large shield
rPois  ∞         Spirit   .     (no helmet)
rElec  .         Dismiss  .     (no cloak)
rCorr  .         Reflect  .     (no gloves)
SustAt .         Harm     .     (no boots)
MR     .....     NoTele   +     (no amulet)
Stlth  ..........               (no ring)
                                (no ring)

@: very slow, not resistant to hostile enchantments, extremely unstealthy
A: no food or potions, fire vulnerability, cold resistance 1, negative energy
resistance 3, torment resistance, unbreathing
a: Bend Time, Renounce Religion


You were in the Dungeon.
You worshipped Cheibriados.
Cheibriados was noncommittal.
You were not hungry.

You visited 1 branch

Inventory:

Hand Weapons
 f - a +5 demon trident (weapon)
 v - the +8 lance "Wyrmbane" {slay drac, +Rage rPois rF+ AC+5}
   (You found it in the Dungeon)

   It affects your AC (+5).
   It protects you from fire.
   It protects you from poison.
   It lets you go berserk.
Armour
 c - a +5 gold dragon armour (worn)
 e - a +3 large shield (worn)
 w - the +18 shield of the Gong {rElec rN+ MR+ EV-5}
   (You found it in the Dungeon)

   It affects your evasion (-5).
   It insulates you from electricity.
   It protects you from negative energy.
   It affects your resistance to hostile enchantments.
Jewellery
 o - a +6 ring of dexterity
 p - a +6 ring of dexterity
 q - a +6 ring of intelligence
 r - a +6 ring of intelligence
 s - a +6 ring of strength
 t - a +6 ring of strength
Wands
 k - a wand of disintegration (7/24)
 l - a wand of iceblast (5/15)
 m - a wand of lightning (5/15)
 n - a wand of acid (5/15)
Scrolls
 a - 4 scrolls of amnesia
 b - 3 scrolls of recharging
 d - 4 scrolls of blinking
 g - 7 scrolls of fog
 h - 5 scrolls of identify
 i - 5 scrolls of remove curse
 j - 2 scrolls of fear
Miscellaneous
 u - a disc of storms


   Skills:
 + Level 5.5 Fighting
 + Level 2.7 Polearms
 + Level 4.6 Armour
 + Level 4.4 Shields


You had 3 spell levels left.
You didn't know any spells.

Dungeon Overview and Level Annotations

Branches:
Dungeon (1/1)

Altars:
Ashenzari
Cheibriados
Dithmenos
Elyvilon
Fedhas
Gozag
Kikubaaqudgha
Makhleb
Nemelex Xobeh
Okawaru
Pakellas
Qazlal
Ru
Sif Muna
Trog
Vehumet
Xom
Yredelemnul
Zin
The Shining One
Beogh
Jiyva
Lugonu


Innate Abilities, Weirdness & Mutations

You do not eat or drink.
Your flesh is vulnerable to fire.
You are immune to poison.
Your flesh is cold resistant.
You are immune to negative energy.
You are immune to unholy pain and torment.
You can survive without breathing.


Message History

You block the merfolk's attack.
The merfolk hits you from afar with a trident!
You block the merfolk's attack.
Your shield and gold dragon armour prevent you from hitting the merfolk.
The merfolk is lightly wounded.
You block the merfolk's attack.
The merfolk hits you from afar with a trident!
* * * LOW HITPOINT WARNING * * *
You block the merfolk's attack.
You are too injured to fight recklessly!
You are too injured to fight recklessly!
You are too injured to fight recklessly!
You are too injured to fight recklessly!
You closely miss the merfolk.
The merfolk is lightly wounded.
The merfolk hits you but does no damage.
You block the merfolk's attack.
The merfolk hits you but does no damage.
The merfolk hits you with a +5 short sword of electrocution!
You die...

▓▓▓▓▓▓▓▓▓▓▓▓▓
▓.8©8.▓.8©8.▓
▓.)):.▓.....▓
▓.....▓.).=.▓
▓.....▓.....▓
▓.mm..▓.....▓
▓..m..▓.....▓
▓..@..▓▓▓▓▓▓▓
▓▓▓▓▓▓▓


You could see 3 merfolk.

Vanquished Creatures
  A phantom (D)
  An adder skeleton (D)
2 creatures vanquished.

Vanquished Creatures (others)
  An azure jelly (D)
  A death ooze (D)
  A spatial maelstrom (D)
3 creatures vanquished.

Grand Total: 5 creatures vanquished

Notes
Turn   | Place    | Note
--------------------------------------------------------------
     0 | D        | wvc the Mummy Fighter began the quest for the Orb.
     0 | D        | Reached XP level 1. HP: 18/18 MP: 1/1
     0 | D        | Found an iron altar of Okawaru.
     0 | D        | Found a burning altar of Makhleb.
     0 | D        | Found a radiant altar of Vehumet.
     0 | D        | Found a deep blue altar of Sif Muna.
     0 | D        | Found a shimmering altar of Xom.
     0 | D        | Found a bloodstained altar of Trog.
    12 | D        | Banished a spatial maelstrom
    44 | D        | Found a corrupted altar of Lugonu.
    44 | D        | Found a roughly hewn altar of Beogh.
    44 | D        | Found a white marble altar of Elyvilon.
    44 | D        | Found a viscous altar of Jiyva.
    44 | D        | Found a sparkling altar of Nemelex Xobeh.
    85 | D        | Killed an azure jelly
    94 | D        | Became a worshipper of Cheibriados the Contemplative
   105 | D        | Entered arena 1.
   105 | D        | Noticed a phantom
   114 | D        | Killed a phantom
   114 | D        | Reached skill level 5 in Fighting
   114 | D        | Reached XP level 2. HP: 27/27 MP: 2/2
   114 | D        | Reached XP level 3. HP: 33/33 MP: 3/3
   114 | D        | Reached XP level 4. HP: 39/39 MP: 4/4
   125 | D        | Entered arena 2.
   125 | D        | Noticed a merfolk
   125 | D        | Noticed a merfolk
   125 | D        | Noticed a merfolk
   131 | D        | Killed a death ooze
   133 | D        | Slain by a merfolk

Vault maps used:
D:        sprint_v

Skill      XL: |  1 |
---------------+----+-----
Fighting       | 5 |  5.5
Polearms       | 2 |  2.7
Armour         | 4 |  4.6
Shields        | 4 |  4.4

Action                   |  1- 3 |  4- 6 || total
-------------------------+-------+-------++-------
Melee: Demon trident     |     9 |     6 ||    15
Armor: Gold dragon armou |    11 |     6 ||    17
Block: Large shield      |     5 |     9 ||    14
